 Dungeon Crawl Stone Soup version 0.31-a0-854-g362426d53f (webtiles) character file.

Game seed: 17667454060746916097

232665 Flugkiller the Destroyer (level 19, -15/160 HPs)
             Began as a Ghoul Ice Elementalist on Oct 8, 2023.
             Was a High Priest of Sif Muna.
             Demolished by a pharaoh ant (26 damage)
             ... on level 4 of the Spider Nest.
             The game lasted 01:50:11 (50241 turns).

Flugkiller the Destroyer (Ghoul Ice Elementalist)  Turns: 50241, Time: 01:50:11

Health: -15/160    AC: 20    Str: 11 (14) XL:     19   Next: 54%
Magic:  10/33      EV: 13    Int: 26 (28) God:    Sif Muna [*****.]
Gold:   2608       SH:  0    Dex: 10 (11) Spells: 4/40 levels left

rFire   + . .        p - +11 Singing Sword {sonic wave}
rCold   . . .        (no shield)
rNeg    + + +        e - +2 leather armour "Dauth" {Int+9}
rPois   ∞            W - +2 helmet {Int+3}
rElec   .            s - +2 cloak {Will+}
rCorr   .            J - +2 pair of gloves
SInv    +            x - +2 pair of boots {Fly}
Will    +++..        R - amulet of the Empire {rF+ rC- Will+ Regen+ Dex+2}
Stlth   +            i - ring of see invisible
HPRegen 0.00/turn    P - ring of wizardry
MPRegen 0.23/turn

%: wizardry (x1)
@: about to teleport, flying, contaminated, inhibited regen, glowing
A: claws 1, cold resistance 1, negative energy resistance 3, inhibited
regeneration, torment resistance 2, devour on kill
}: 1/15 runes: decaying
a: Renounce Religion, Channel Magic, Forget Spell, Divine Exegesis


You were on level 4 of the Spider Nest.
You worshipped Sif Muna.
Sif Muna was extremely pleased with you.
You visited 6 branches of the dungeon, and saw 31 of its levels.
You also visited: Bailey and Gauntlet.

You collected 3744 gold pieces.
You spent 1136 gold pieces at shops.

Inventory:

Hand Weapons
 p - the +11 Singing Sword (weapon) {sonic wave}
   (You took it off an orc warrior on level 2 of the Orcish Mines)
Missiles
 A - a curare-tipped dart (quivered)
 H - a throwing net
Armour
 e - the +2 leather armour "Dauth" (worn) {Int+9}
   (You bought it in a shop on level 2 of the Orcish Mines)

   Int+9:     It affects your intelligence (+9).
 s - a +2 cloak of willpower (worn)
   (You bought it in a shop on level 2 of the Orcish Mines)
 x - a +2 pair of boots of flying (worn)
   (You found it in a bailey)
 J - a +2 pair of gloves (worn)
   (You found it on level 3 of the Lair of Beasts)
 W - a +2 helmet of intelligence (worn)
   (You found it in a Gauntlet)
Jewellery
 f - a ring of protection from fire
   (You found it on level 10 of the Dungeon)
 g - the ring of Suypugog {Fly Str+3 Stlth+}
   (You found it in a Gauntlet)

   [ring of flight]

   Str+3:     It affects your strength (+3).
   Fly:       It grants you flight.
   Stlth+:    It makes you more stealthy.
 i - a ring of see invisible (left hand)
   (You found it on level 5 of the Lair of Beasts)
 m - a ring of willpower
   (You found it on level 4 of the Dungeon)
 P - a ring of wizardry (right hand)
   (You took it off a deep elf pyromancer on level 1 of the Elven Halls)
 R - the amulet of the Empire (around neck) {rF+ rC- Will+ Regen+ Dex+2}
   (You found it in a Gauntlet)

   [amulet of regeneration]

   Dex+2:     It affects your dexterity (+2).
   rF+:       It protects you from fire.
   rC-:       It makes you vulnerable to cold.
   Will+:     It increases your willpower.
   Regen+:    It increases your rate of health regeneration.
 S - a ring of ice
   (You found it on level 4 of the Lair of Beasts)
Wands
 c - a wand of acid (12)
   (You took it off a kobold demonologist on level 9 of the Dungeon)
 l - a wand of digging (32)
   (You found it on level 9 of the Dungeon)
 u - a wand of paralysis (43)
   (You found it on level 6 of the Dungeon)
 y - a wand of roots (34)
   (You found it on level 8 of the Dungeon)
 G - a wand of mindburst (19)
   (You bought it in a shop on level 8 of the Dungeon)
Scrolls
 j - a scroll of silence
 o - 4 scrolls of amnesia
 r - 11 scrolls of identify
 t - 7 scrolls of teleportation
 D - 7 scrolls of fog
 E - 5 scrolls of vulnerability
 I - 4 scrolls of fear
 M - 4 scrolls of enchant armour
 N - 4 scrolls of immolation
 Q - 2 scrolls of poison
 U - 4 scrolls of revelation
 V - 3 scrolls of butterflies
Potions
 a - 2 potions of attraction
 b - 3 potions of magic
 d - 5 potions of might
 h - 2 potions of haste
 k - 9 potions of enlightenment
 n - 4 potions of resistance
 q - 2 potions of curing
 w - a potion of heal wounds
 B - 3 potions of invisibility
 K - 6 potions of ambrosia
 O - 2 potions of brilliance
Miscellaneous
 v - a phial of floods
   (You found it in a bailey)


   Skills:
 - Level 12.0 Fighting
 - Level 6.0 Long Blades
 - Level 11.0 Armour
 - Level 6.0 Dodging
 - Level 2.1 Stealth
 + Level 11.1 Spellcasting
 + Level 12.0 Conjurations
 + Level 6.2 Summonings
 - Level 10.0 Transmutations
 - Level 2.0 Fire Magic
 - Level 10.0 Ice Magic
 - Level 4.0 Air Magic
 - Level 10.0 Poison Magic
 - Level 12.0 Invocations
 - Level 10.0 Evocations


You had 4 spell levels left.
You knew the following spells:

 Your Spells              Type           Power      Damage    Failure   Level
a - Spellforged Servitor  Conj/Summ      29%        N/A       36%         7
b - Frozen Ramparts       Ice            100%       1d16      1%          3
c - Ozocubu's Armour      Ice            60%        N/A       1%          3
e - Olgreb's Toxic Radia  Pois           60%        N/A       1%          4
f - Ignite Poison         Fire/Tmut/Pois 51%        N/A       1%          3
g - Freezing Cloud        Conj/Ice/Air   28%        6-21      1%          5
h - Eringya's Noxious Bo  Tmut/Pois      30%        4d6       5%          6
i - Irradiate             Conj/Tmut      32%        3d22      1%          5

Your spell library contained the following spells:

 Spells                   Type           Power      Damage    Failure   Level
 Apportation              Tloc           28%        N/A       1%          1
 Foxfire                  Conj/Fire      100%       2x1d9     1%          1
 Freeze                   Ice            100%       1d10      1%          1
 Magic Dart               Conj           100%       1d8       1%          1
 Necrotise                Necr           56%        1d6       1%          1
 Shock                    Conj/Air       100%       1d9       1%          1
 Slow                     Hex            56%        N/A       1%          1
 Sting                    Tmut/Pois      100%       1d8       1%          1
 Summon Small Mammal      Summ           100%       N/A       1%          1
 Call Imp                 Summ           92%        N/A       1%          2
 Cigotuvi's Dreadful Rot  Necr/Pois/Air  76%        N/A       1%          2
 Ensorcelled Hibernation  Hex/Ice        80%        N/A       1%          2
 Momentum Strike          Conj/Tloc      90%        3d10      1%          2
 Passwall                 Tmut/Erth      33%        N/A       1%          2
 Poisonous Vapours        Pois/Air       100%       N/A       1%          2
 Scorch                   Fire           48%        2d7       1%          2
 Searing Ray              Conj           100%       2d8       1%          2
 Static Discharge         Conj/Air       100%       2-7/arc   1%          2
 Call Canine Familiar     Summ           46%        N/A       1%          3
 Dazzling Flash           Conj/Hex       90%        N/A       1%          3
 Hailstorm                Conj/Ice       64%        3d14      1%          3
 Mephitic Cloud           Conj/Pois/Air  56%        N/A       1%          3
 Stone Arrow              Conj/Erth      90%        3d12      1%          3
 Summon Guardian Golem    Hex/Summ       30%        N/A       1%          3
 Brom's Barrelling Bould  Conj/Erth      45%        2d6       1%          4
 Flame Wave               Conj/Fire      50%        2d12      1%          4
 Fulminant Prism          Conj/Hex       22%        3d12      1%          4
 Iskenderun's Mystic Bla  Conj/Tloc      45%        2d10      1%          4
 Sticky Flame             Conj/Fire      50%        2d7       1%          4
 Summon Ice Beast         Ice/Summ       54%        N/A       1%          4
 Blink                    Tloc           28%        N/A       3%          2
 Jinxbite                 Hex            28%        N/A       3%          2
 Inner Flame              Hex/Fire       19%        N/A       4%          3
 Airstrike                Air            17%        2d(3-19)  4%          4
 Confusing Touch          Hex            14%        N/A       6%          3
 Gell's Gravitas          Tloc           14%        N/A       6%          3
 Sigil of Binding         Hex            14%        N/A       6%          3
 Teleport Other           Tloc           14%        N/A       6%          3
 Vampiric Draining        Necr           14%        2d7       6%          3
 Animate Armour           Summ/Erth      60%        N/A       6%          4
 Vhi's Electric Charge    Tloc/Air       48%        N/A       9%          4
 Animate Dead             Necr           14%        N/A       21%         4
 Cause Fear               Hex            7%         N/A       21%         4
 Dispel Undead            Necr           14%        3d10      21%         4
 Leda's Liquefaction      Hex/Erth       7%         N/A       21%         4
 Manifold Assault         Tloc           14%        N/A       21%         4
 Alistair's Intoxication  Tmut/Pois      40%        N/A       1%          5
 Iskenderun's Battlesphe  Conj           67%        2d12      1%          5
 Arcjolt                  Conj/Air       27%        1d37      2%          5
 Fireball                 Conj/Fire      25%        3d11      3%          5
 Metabolic Englaciation   Hex/Ice        20%        N/A       8%          5
 Conjure Ball Lightning   Conj/Air       27%        3x3d8     12%         6
 Orb of Destruction       Conj           33%        9d10      12%         7
 Starburst                Conj/Fire      25%        6d8       17%         6
 Silence                  Hex/Air        12%        N/A       24%         5
 Bombard                  Conj/Erth      22%        9d4       26%         6
 Ozocubu's Refrigeration  Ice            30%        4d14      26%         7
 Simulacrum               Ice/Necr       20%        N/A       36%         6
 Agony                    Necr           14%        N/A       45%         5
 Borgnjor's Vile Clutch   Necr/Erth      7%         N/A       45%         5
 Plasma Beam              Fire/Air       15%        2x1d26    63%         6
 Summon Hydra             Summ           23%        N/A       75%         7
 Death Channel            Necr           7%         N/A       95%         6
 Dispersal                Tloc           7%         N/A       95%         6
 Malign Gateway           Summ/Tloc      15%        N/A       99%         7
 Enfeeble                 Hex            7%         N/A       100%        7
 Ignition                 Fire           12%        3d6       100%        8
 Lehudib's Crystal Spear  Conj/Erth      22%        10d6      100%        8
 Maxwell's Capacitive Co  Air            17%        ∞         100%        8
 Summon Horrible Things   Summ           23%        N/A       100%        8
 Chain Lightning          Conj/Air       27%        3d36      100%        9
 Fire Storm               Conj/Fire      25%        8d6       100%        9


Dungeon Overview and Level Annotations

Branches:
Dungeon (15/15) Zot: 24344  Temple (0/1) D:6            Lair (5/5) D:11 Zot: 19022
  Swamp (4/4) Lair:2 Zot: 17298  Spider (4/4) Lair:3 Zot: 18154   Slime (0/5) Lair:5
    Orc (2/2) D:10 Zot: 8826     Elf (1/3) Orc:2 Zot: 3902  Vaults (0/5) D:14
 Depths (0/4) D:15         Bailey (visited)         Gauntlet (visited)

Altars:
Dithmenos
Ru
Sif Muna
Jiyva

Shops:
D:8 *   D:9 !   Orc:1 (   Orc:2 *[:[[

Annotations:
D:12 3 exclusions
Swamp:3 1 runed translucent door, xfalz's ghost, journeyman GnSk


Innate Abilities, Weirdness & Mutations

You are immune to poison.
You have sharp fingernails.
Your flesh is cold resistant. (rC+)
You are immune to negative energy. (rN+++)
You do not regenerate when monsters are visible.
You are immune to unholy pain and torment.
You thrive by killing the living.


Message History

Casting: Irradiate (mildly dangerous; 1% risk of failure)
Confirm with . or Enter, or press ? or * to list all spells.
You erupt in a fountain of uncontrolled magic!
The demonic crawler is blasted with magical radiation.
The demonic crawler is moderately wounded.
The demonic crawler twists and deforms.
The demonic crawler hits you. x2
The demonic crawler hits you but does no damage.
The demonic crawler hits you.
The demonic crawler hits you but does no damage.
The demonic crawler misses you.
Casting: Irradiate (mildly dangerous; 1% risk of failure)
Confirm with . or Enter, or press ? or * to list all spells.
You erupt in a fountain of uncontrolled magic!
The demonic crawler is blasted with magical radiation!!!
The demonic crawler is severely wounded.
You are lightly contaminated with residual magic.
The demonic crawler closely misses you.
The demonic crawler hits you but does no damage.
The demonic crawler closely misses you. The demonic crawler misses you.
The demonic crawler hits you! The demonic crawler hits you.
As you read the scroll of teleportation, it crumbles to dust.
You feel strangely unstable. The demonic crawler barely misses you.
The demonic crawler hits you but does no damage. x2
The demonic crawler hits you. The demonic crawler closely misses you.
The demonic crawler hits you!
Casting: Irradiate (mildly dangerous; 1% risk of failure)
Confirm with . or Enter, or press ? or * to list all spells.
You erupt in a fountain of uncontrolled magic!
The demonic crawler is blasted with magical radiation!!
The demonic crawler is severely wounded.
The demonic crawler twists and deforms.
You are contaminated with residual magic.
The demonic crawler hits you but does no damage.
The demonic crawler barely misses you.
The demonic crawler hits you but does no damage.
The demonic crawler closely misses you. The demonic crawler hits you!
The demonic crawler hits you but does no damage.
Casting: Irradiate (mildly dangerous; 1% risk of failure)
Confirm with . or Enter, or press ? or * to list all spells.
You erupt in a fountain of uncontrolled magic!
The pharaoh ant is blasted with magical radiation!!!
You destroy the pharaoh ant!
Sif Muna accepts your kill.
The demonic crawler is blasted with magical radiation!!!
You kill the demonic crawler!
Sif Muna accepts your kill.
Training target 10.0 for Evocations reached!
Your Evocations skill increases to level 10!
Unknown command.
You start resting.
Your surroundings suddenly seem different. 2 pharaoh ants, 2 redbacks, a culicivora and a moth of wrath come into view.
Found 2 potions of brilliance.
The pharaoh ant gives a chilling moan.
The moth of wrath's fur bristles in rage as it notices you.
The pharaoh ant bites you!!
* * * LOW HITPOINT WARNING * * *
A redback comes into view.
As you read the scroll of teleportation, it crumbles to dust.
You feel strangely unstable. The redback bites you.
* * * LOW HITPOINT WARNING * * *
The redback misses you.
The pharaoh ant bites you but does no damage.
Unknown command.
You feel much better.
The culicivora bites you but does no damage.
The redback barely misses you. The redback bites you!
The pharaoh ant bites you!!
* * * LOW HITPOINT WARNING * * *
A sun moth comes into view.
The culicivora bites you but does no damage.
The redback bites you but does no damage.
As you read the scroll of butterflies, it crumbles to dust.
You hear the flapping of tiny wings.
The redback is knocked back by the sudden gust. x3
The pharaoh ant is knocked back by the sudden gust.
The culicivora is knocked back by the sudden gust.
The pharaoh ant is knocked back by the sudden gust.
The pharaoh ant bites you but does no damage.
The moth of wrath closely misses your butterfly.
The sun moth bites your butterfly!!
Your butterfly dies!
Your butterfly disappears in a burst of colours!
The culicivora bites your butterfly!!
Your butterfly dies!
Your butterfly disappears in a burst of colours!
The redback bites you but does no damage.
Unknown command.
You feel better. The redback misses your butterfly. The pharaoh ant bites you!!
* * * LOW HITPOINT WARNING * * *
The redback bites your butterfly.
Your butterfly dies!
Your butterfly disappears in a burst of colours!
The culicivora bites your butterfly!
Your butterfly dies!
Your butterfly disappears in a burst of colours!
The redback bites you but does no damage.
Your butterfly is caught in a web!
The pharaoh ant bites you!!
You die...

^. ..
#<. #.
..s##.
#^w^.#
#### ##
#^.#.^
b#.#b.#
#.s.†


bbbs..# #..^#.. ###bbb.y.# #.. #.. #b@Bs# . #.. #bsB.b# #^^ ##b#ys# ### bb b.#
##b .b. .. b#.# .. ##.# ... .. You could see a sun moth, a moth of wrath (ally
target), a culicivora, 2 pharaoh ants and 3 redbacks.

Vanquished Creatures
  Arachne (Spider:2)
  A tentacled monstrosity (Swamp:4)
  Jorgrun (Swamp:3)
  Kirke (Spider:3)
  3 thorn hunters
  5 fenstrider witches (Swamp:4)
  A deep elf sorcerer (Elf:1)
  2 emperor scorpions
  4 ghouls (Swamp:4)
  2 ghost moths
  5 broodmothers
  A deep elf elementalist (Elf:1)
  The ghost of AceOff the Severer, a journeyman FoFi of Cheibriados (Spider:1)
  A reaper (Swamp:4)
  A very ugly thing (D:12)
  A minotaur (Gauntlet)
  7 eleionomae
  6 bunyips
  3 spark wasps
  A blizzard demon (Swamp:4)
  The ghost of WhatIsLove the Eclecticist, a journeyman DjFE of Makhleb (Orc:2)
  4 entropy weavers
  8 vault guards (D:14)
  10 hydras
  4 catoblepae
  2 ghost crabs
  Erolcha (D:11)
  A spriggan air mage (Swamp:4)
  2 ogre magi (D:15)
  3 jorogumos
  3 centaur warriors
  8 alligators
  4 boulder beetles
  8 two-headed ogres
  A radroach (Spider:1)
  A deep troll shaman (Lair:5)
  7 dancing weapons (Elf:1)
  A tengu warrior (D:13)
  15 death yaks
  13 demonic crawlers
  2 orc high priests (Orc:2)
  A storm dragon zombie (D:15)
  A soul eater (Swamp:4)
  7 spriggans
  9 deep elf knights
  2 sixfirhies (Swamp:4)
  A skyshark (Lair:2)
  5 spriggan druids
  A death drake (Swamp:4)
  2 goliath frogs (Swamp:2)
  9 pharaoh ants
  2 sun moths
  5 bog bodies
  3 swamp dragons
  11 orb spiders
  4 wizards
  6 deep elf archers (Elf:1)
  7 steelbarb worms
  20 deep elf pyromancers
  A necromancer (D:15)
  8 orc sorcerers
  31 wolf spiders
  7 deep elf zephyrmancers
  2 oklob plants (Lair:4)
  5 cyclopes
  12 ugly things
  2 manticores (D:12)
  5 will-o-the-wisps
  8 elephants
  4 moths of wrath
  5 cane toads
  3 black mambas
  5 torpor snails
  2 gargoyles
  4 kobold demonologists
  An unseen horror (D:11)
  2 orange demons (Swamp:4)
  A rime drake (Lair:3)
  2 tengu conjurers
  A guardian mummy (D:15)
  5 komodo dragons
  A redback zombie (Spider:4)
  4 trolls
  A queen bee (Lair:4)
  A spectral jumping spider (Spider:4)
  7 hornets
  3 hellwings (Swamp:4)
  9 meliai
  11 blink frogs
  A spectral tarantella (Spider:4)
  2 polar bears
  29 tarantellas
  9 tyrant leeches
  A spectral culicivora (Spider:4)
  52 jumping spiders
  An air elemental (Elf:1)
  17 culicivoras
  A water elemental (Elf:1)
  Sigmund (D:3)
  4 slime creatures
  2 wraiths (D:12)
  14 yaks
  5 wyverns
  A nameless horror (D:10)
  2 steam dragons
  Grum (D:11)
  5 chaos spawn (Swamp:4)
  2 fire elementals (Elf:1)
  4 hogs (Spider:3)
  6 basilisks
  A neqoxec (Swamp:4)
  64 redbacks
  A warg (Orc:2)
  20 swamp worms
  An acid dragon (D:13)
  13 water moccasins
  21 orc warriors
  3 ice beasts
  A sky beast (D:7)
  2 swamp drakes
  2 black bears (D:5)
  4 boggarts
  6 ogres
  15 wolves
  8 centaurs
  4 kobold brigands
  5 bullfrogs
  2 gnoll sergeants
  A necrophage (Swamp:4)
  A scorpion (D:7)
  5 earth elementals
  A wight (D:8)
  A tengu zombie (D:15)
  55 killer bees
  2 electric eels (Spider:1)
  7 howler monkeys
  17 orc priests
  A quasit (D:6)
  2 hounds
  2 iguanas (D:5)
  29 orc wizards
  4 hell rats (Lair:5)
  7 gnolls
  13 adders
  A white imp (D:7)
  An ufetubus (D:6)
  A worm (D:2)
  3 dart slugs
  67 orcs
  9 endoplasms
  A giant cockroach (D:4)
  4 goblins
  6 hobgoblins
  6 jackals (D:1)
  42 kobolds
  5 quokkas
  13 ball pythons
  8 bats
  2 frilled lizards
  5 goblin skeletons (D:6)
  2 goblin zombies (D:6)
  2 hobgoblin zombies (D:6)
  A kobold zombie (D:6)
  6 rats
1062 creatures vanquished.

Vanquished Creatures (collateral kills)
  Gastronok (D:10)
  2 hydras
  A sphinx zombie (D:15)
  2 death yaks
  An orc knight (Bailey)
  A fire giant zombie (D:15)
  A wolf spider (Spider:1)
  A cane toad (Lair:2)
  A torpor snail (Spider:1)
  An orange demon (Swamp:4)
  A kobold demonologist (D:12)
  2 komodo dragons
  4 trolls
  4 slime creatures
  3 yaks
  3 wraiths
  3 acid dragons
  3 water moccasins
  5 orc warriors
  An ice beast (D:8)
  A black bear (D:4)
  3 wolves
  A kobold brigand (D:10)
  6 bullfrogs
  6 killer bees
  A howler monkey (D:11)
  A hound (D:5)
  4 orc priests
  A jelly (D:5)
  4 orc wizards
  An iguana (D:5)
  2 gnolls
  A shadow imp (D:8)
  A white imp (D:6)
  9 orcs
  2 hobgoblins (Bailey)
  9 kobolds
  A quokka (D:5)
95 creatures vanquished.

Vanquished Creatures (others)
  A spriggan druid (Swamp:1)
  2 bloated husks (Swamp:4)
  A water elemental (Elf:1)
  A centaur (D:10)
  An orc wizard (D:5)
  An orc (D:10)
  42 foxfires
49 creatures vanquished.

Grand Total: 1206 creatures vanquished

Notes
Turn   | Place    | Note
-------+----------+-------------------------------------------
     0 | D:1      | Flugkiller the Ghoul Ice Elementalist began the quest for
                  | the Orb.
     0 | D:1      | Reached XP level 1. HP: 14/14 MP: 2/2
    99 | D:1      | Reached XP level 2. HP: 20/20 MP: 0/4
   631 | D:1      | Reached XP level 3. HP: 21/26 MP: 0/5
   723 | D:1      | Reached skill level 5 in Ice Magic
   876 | D:1      | Learned a level 3 spell: Frozen Ramparts
   880 | D:1      | Learned a level 3 spell: Ozocubu's Armour
  1990 | D:2      | Reached XP level 4. HP: 33/33 MP: 1/7
  2282 | D:2      | Found a faded altar of an unknown god.
  2637 | D:3      | Noticed Sigmund
  2657 | D:3      | Killed Sigmund
  2658 | D:3      | Reached XP level 5. HP: 30/38 MP: 1/10
  2658 | D:3      | Reached XP level 6. HP: 35/45 MP: 1/11
  2741 | D:3      | Learned a level 4 spell: Summon Ice Beast
  3343 | D:3      | Reached skill level 1 in Summonings
  3831 | D:4      | Noticed a black bear
  3853 | D:4      | Killed a black bear
  3948 | D:4      | Reached XP level 7. HP: 50/50 MP: 5/12
  4804 | D:5      | Entered Level 5 of the Dungeon
  5033 | D:5      | Reached skill level 5 in Summonings
  5033 | D:5      | Reached XP level 8. HP: 51/57 MP: 6/13
  5263 | D:5      | Reached skill level 1 in Fighting
  5322 | D:5      | Found a shimmering blue altar of Sif Muna.
  5323 | D:5      | Found a shadowy altar of Dithmenos.
  5372 | D:5      | Became a worshipper of Sif Muna the Loreminder
  6150 | D:6      | Found a staircase to the Ecumenical Temple.
  6180 | D:6      | Reached * piety under Sif Muna
  6458 | D:6      | HP: 2/60 [orc warrior/arrow (5)]
  7295 | D:6      | Reached XP level 9. HP: 68/68 MP: 10/14
  7465 | D:7      | Reached skill level 1 in Evocations
  7525 | D:7      | Found a flagged portal.
  7534 | Bailey   | Entered a bailey
  7570 | Bailey   | Identified the +7 chain mail of the Moon Troll {-Tele rF-
                  | rCorr Int+6}
  7641 | Bailey   | Noticed an orc knight
  7909 | Bailey   | Reached skill level 5 in Spellcasting
  8028 | Bailey   | Killed an orc knight
  8600 | D:7      | Reached skill level 1 in Armour
  8934 | D:7      | Reached ** piety under Sif Muna
  9275 | D:7      | Reached XP level 10. HP: 78/78 MP: 12/16
  9986 | D:8      | Reached skill level 5 in Fighting
 10089 | D:8      | Found a sacrificial altar of Ru.
 10161 | D:8      | Reached skill level 5 in Armour
 10408 | D:8      | Found Iqoig's Gadget Gallery.
 10768 | D:9      | Noticed a two-headed ogre
 10818 | D:9      | Reached skill level 1 in Long Blades
 10981 | D:9      | Reached *** piety under Sif Muna
 11145 | D:9      | Noticed a kobold demonologist
 11339 | D:9      | Killed a two-headed ogre
 11340 | D:9      | Reached skill level 5 in Long Blades
 11347 | D:9      | Reached XP level 11. HP: 72/89 MP: 3/17
 11674 | D:9      | Found Leapoalise's Distillery.
 11691 | D:9      | Reached skill level 1 in Invocations
 11692 | D:9      | Reached **** piety under Sif Muna
 11712 | D:9      | Bought a potion of curing for 33 gold pieces
 11904 | D:10     | Entered Level 10 of the Dungeon
 11966 | D:10     | Noticed Gastronok
 12327 | D:10     | Killed Gastronok
 12328 | D:10     | Reached skill level 5 in Invocations
 12346 | D:9      | Noticed a soul eater
 12508 | D:10     | Learned a level 4 spell: Olgreb's Toxic Radiance
 12612 | D:10     | Noticed a two-headed ogre
 12627 | D:10     | Reached skill level 1 in Poison Magic
 12696 | D:10     | Killed a two-headed ogre
 13018 | D:10     | Found a staircase to the Orcish Mines.
 13024 | D:10     | Reached skill level 5 in Dodging
 13297 | D:11     | Noticed a boulder beetle
 13416 | D:11     | Found a staircase to the Lair.
 13553 | D:11     | Killed a boulder beetle
 13685 | D:11     | Noticed Erolcha
 13695 | D:11     | Killed Erolcha
 13942 | D:11     | Noticed Grum
 13954 | D:11     | Killed Grum
 13957 | D:11     | Reached XP level 12. HP: 92/96 MP: 6/18
 14122 | D:11     | Reached skill level 5 in Poison Magic
 14604 | Lair:1   | Entered Level 1 of the Lair of Beasts
 14660 | D:8      | Bought a wand of mindburst (13) for 218 gold pieces
 15463 | Lair:1   | Reached ***** piety under Sif Muna
 16086 | Lair:2   | Noticed a skyshark
 16100 | Lair:2   | Killed a skyshark
 16187 | Lair:2   | Reached skill level 5 in Evocations
 16599 | Lair:2   | Identified Sif Muna's Octavo of Rallying and Astrapomancy
                  | (Sif Muna gifted it to you on level 2 of the Lair of
                  | Beasts)
 16599 | Lair:2   | Received a gift from Sif Muna
 16951 | Lair:2   | Found a staircase to the Swamp.
 17261 | Lair:2   | Learned a level 3 spell: Ignite Poison
 17291 | Lair:2   | Noticed a death yak
 17291 | Lair:2   | Noticed a death yak
 17292 | Lair:2   | Noticed a death yak
 17296 | Lair:2   | Noticed a death yak
 17672 | Lair:2   | Noticed a death yak
 17673 | Lair:2   | Noticed a death yak
 17674 | Lair:2   | Noticed a death yak
 17676 | Lair:2   | Noticed a death yak
 18118 | Lair:2   | Killed a death yak
 18119 | Lair:2   | Reached skill level 1 in Transmutations
 18119 | Lair:2   | Reached skill level 1 in Fire Magic
 18122 | Lair:2   | Killed a death yak
 18467 | Lair:2   | Noticed a death yak
 18467 | Lair:2   | Noticed a death yak
 18476 | Lair:2   | Killed a death yak
 18476 | Lair:2   | Killed a death yak
 18479 | Lair:2   | Killed a death yak
 18480 | Lair:2   | Reached XP level 13. HP: 98/104 MP: 2/21
 20105 | Lair:3   | Found a hole to the Spider Nest.
 21452 | Lair:4   | Received a gift from Sif Muna
 22237 | Lair:4   | Reached XP level 14. HP: 115/115 MP: 17/25
 22515 | Lair:4   | Learned a level 5 spell: Freezing Cloud
 22944 | Lair:5   | Entered Level 5 of the Lair of Beasts
 23967 | Lair:5   | Found a viscous altar of Jiyva.
 23967 | Lair:5   | Found a staircase to the Slime Pits.
 24812 | Lair:5   | Identified the ring "Tautigus" {Fire rPois Will- SInv
                  | Stlth+}
 25614 | D:12     | Found a gate leading to a gauntlet.
 25624 | D:12     | Reached skill level 10 in Fighting
 25627 | Gauntlet | Entered a Gauntlet
 25627 | Gauntlet | Noticed a quicksilver ooze
 25627 | Gauntlet | Found a transporter.
 25738 | Gauntlet | Found a transporter.
 25759 | Gauntlet | Found a transporter.
 25759 | Gauntlet | Found a transporter.
 25780 | Gauntlet | Found a transporter.
 25793 | Gauntlet | Found a transporter.
 25807 | Gauntlet | Found a transporter.
 25836 | Gauntlet | Found a transporter.
 25836 | Gauntlet | Found a transporter.
 25843 | Gauntlet | Found a transporter.
 25871 | Gauntlet | Found a transporter.
 25871 | Gauntlet | Found a transporter.
 25939 | Gauntlet | Identified the ring of Suypugog {Fly Str+3 Stlth+}
 26097 | Gauntlet | Identified the amulet of the Empire {rF+ rC- Will+ Regen+
                  | Dex+2}
 26220 | Gauntlet | Identified the +5 dire flail "Ommeinago" {flame, rF++ rC+}
 26284 | Gauntlet | Identified the +0 chain mail of the Moon {rN+ Will+}
 26493 | D:12     | Noticed a brown very ugly thing
 26501 | D:12     | Killed a brown very ugly thing
 27221 | D:12     | Reached skill level 10 in Invocations
 28029 | D:13     | Reached skill level 1 in Air Magic
 28187 | D:13     | Reached skill level 1 in Conjurations
 28384 | D:14     | Reached XP level 15. HP: 126/126 MP: 11/26
 28454 | D:14     | Identified Sif Muna's Quarto of Interference (Sif Muna
                  | gifted it to you on level 14 of the Dungeon)
 28454 | D:14     | Received a gift from Sif Muna
 28811 | D:14     | Found a gate to the Vaults.
 29575 | D:15     | Entered Level 15 of the Dungeon
 30462 | D:15     | Found a staircase to the Depths.
 31362 | D:15     | Reached skill level 10 in Ice Magic
 32148 | Orc:1    | Entered Level 1 of the Orcish Mines
 32148 | Orc:1    | Found Esedih's Weapon Shoppe.
 32314 | Orc:2    | Entered Level 2 of the Orcish Mines
 32566 | Orc:2    | Found a staircase to the Elven Halls.
 32707 | Orc:2    | Identified Sif Muna's Grimoire of Reformed Pollution (Sif
                  | Muna gifted it to you on level 2 of the Orcish Mines)
 32707 | Orc:2    | Received a gift from Sif Muna
 32965 | Orc:2    | Found Irevai's Armour Shop.
 33278 | Orc:2    | Learned a level 5 spell: Irradiate
 33333 | Orc:2    | Found Ekisuinofy's Armour Emporium.
 33333 | Orc:2    | Found Itrid's Assorted Antiques.
 33334 | Orc:2    | Found Getew's Book Shoppe.
 33337 | Orc:2    | Found Periadef's Antique Armour Shoppe.
 33353 | Orc:2    | Bought a vibrating lead ring for 170 gold pieces
 33353 | Orc:2    | Identified the ring of Bidamagg {rPois rF- rC+ Will+ Dex+2}
                  | (You bought it in a shop on level 2 of the Orcish Mines)
 33363 | Orc:2    | Bought an embroidered cloak for 255 gold pieces
 33365 | Orc:2    | Bought an embroidered cloak for 150 gold pieces
 33676 | Orc:2    | Found a runed translucent door.
 33677 | Orc:2    | Noticed WhatIsLove's ghost (journeyman DjFE)
 33944 | Orc:2    | Killed WhatIsLove's ghost
 33993 | Orc:2    | Bought a potion of heal wounds for 170 gold pieces
 33995 | Orc:2    | Bought a jet-studded leather armour for 140 gold pieces
 33995 | Orc:2    | Identified the +2 leather armour "Dauth" {Int+9} (You
                  | bought it in a shop on level 2 of the Orcish Mines)
 34060 | Elf:1    | Entered Level 1 of the Elven Halls
 34064 | Elf:1    | Reached XP level 16. HP: 137/137 MP: 16/28
 34323 | Elf:1    | Identified the staff "Femm" {rPois rF+ rCorr Str-3 SInv
                  | Fire}
 34343 | Elf:1    | Reached skill level 10 in Armour
 35105 | Elf:1    | Reached skill level 5 in Conjurations
 36006 | Elf:1    | Reached skill level 5 in Transmutations
 36866 | Elf:1    | Identified Sif Muna's Compendium of the Oath and Clay (Sif
                  | Muna gifted it to you on level 1 of the Elven Halls)
 36866 | Elf:1    | Received a gift from Sif Muna
 37585 | Swamp:1  | Entered Level 1 of the Swamp
 38847 | Swamp:2  | Identified the +4 dagger "Utzaydut" {flame, rElec rN++
                  | rCorr}
 39073 | Swamp:2  | Noticed a thorn hunter
 39076 | Swamp:2  | Reached XP level 17. HP: 81/144 MP: 13/29
 39431 | Swamp:2  | Learned a level 6 spell: Eringya's Noxious Bog
 40251 | Swamp:3  | Noticed Jorgrun
 40256 | Swamp:3  | Killed Jorgrun
 40610 | Swamp:3  | Found a runed translucent door.
 40615 | Swamp:3  | Noticed xfalz's ghost (journeyman GnSk)
 40823 | Swamp:3  | Reached skill level 10 in Conjurations
 40880 | Swamp:3  | Identified Sif Muna's Enchiridion on the Indurated
                  | Discharge (Sif Muna gifted it to you on level 3 of the
                  | Swamp)
 40880 | Swamp:3  | Received a gift from Sif Muna
 41301 | Swamp:4  | Entered Level 4 of the Swamp
 41408 | Swamp:4  | Identified a scroll of acquirement
 41510 | Swamp:3  | Acquired a staff of air
 43212 | Swamp:4  | Got a decaying rune of Zot
 43428 | Swamp:4  | Noticed a tentacled monstrosity
 43520 | Swamp:4  | Killed a tentacled monstrosity
 44046 | Swamp:4  | Reached XP level 18. HP: 151/151 MP: 19/30
 44300 | Spider:1 | Entered Level 1 of the Spider Nest
 44303 | Spider:1 | Reached skill level 10 in Poison Magic
 44683 | Spider:1 | Reached skill level 10 in Spellcasting
 45011 | Spider:1 | Identified Sif Muna's Secrets of Blistering Momentum (Sif
                  | Muna gifted it to you on level 1 of the Spider Nest)
 45011 | Spider:1 | Received a gift from Sif Muna
 45294 | Spider:1 | Found a runed translucent door.
 45294 | Spider:1 | Noticed AceOff's ghost (journeyman FoFi)
 45585 | Spider:1 | Killed AceOff's ghost
 46452 | Spider:2 | Noticed Arachne
 46459 | Spider:2 | Identified Lohac's Catalogue of the Puissant Icicle (Sif
                  | Muna gifted it to you on level 2 of the Spider Nest)
 46459 | Spider:2 | Received a gift from Sif Muna
 46460 | Spider:2 | Reached skill level 10 in Transmutations
 46465 | Spider:2 | Killed Arachne
 47600 | Spider:2 | Reached XP level 19. HP: 160/160 MP: 20/33
 48358 | Spider:3 | Identified Sif Muna's Book of Too Many Cooks (Sif Muna
                  | gifted it to you on level 3 of the Spider Nest)
 48358 | Spider:3 | Received a gift from Sif Muna
 48390 | Spider:3 | Noticed Kirke
 48503 | Spider:3 | Killed Kirke
 49266 | Spider:4 | Entered Level 4 of the Spider Nest
 49572 | Spider:4 | Identified Awuputz's Anthology of Striking (Sif Muna gifted
                  | it to you on level 4 of the Spider Nest)
 49572 | Spider:4 | Received a gift from Sif Muna
 49677 | Spider:4 | Learned a level 7 spell: Spellforged Servitor
 50236 | Spider:4 | Reached skill level 10 in Evocations
 50241 | Spider:4 | Demolished by a pharaoh ant

Illustrated notes

Levels and vault maps discovered:
D:1:      nicolae_arrival_washed_ashore, layout_loops_ring,
          minmay_indecisive_spiral
D:2:      layout_basic, shapermc_ecumenical_altar_starsandcircs, serial_glass,
          glass_columns_c, glass_columns_a, glass_columns_b
D:3:      minmay_diamond_boxcup, layout_basic, minivault_19,
          hangedman_feature_mirror, uniq_sigmund
D:4:      layout_basic, st_stairs_11
D:5:      layout_rooms, nicolae_overflow_squiral, serial_bayou_lagoon_b
D:6:      layout_loops_corners, nicolae_tso_besieged_by_evil, temple_pool_b
D:7:      layout_basic, enter_bailey_2
D:8:      minmay_distorted_concentric_squares, layout_gridville,
          nicolae_ru_awakened_eye, nicolae_shop_gadgets
D:9:      layout_rooms, serial_shops, nicolae_shop_industrial_runoff
D:10:     layout_rooms, erik_orc_1, palyth_stone_intersect, uniq_gastronok
D:11:     layout_roguey, lair_entry_dummy, uniq_grum, uniq_erolcha
D:12:     nzn_winding_woodlands_small [nzn_winding_woodlands_5x15_parted,
          nzn_winding_woodlands_center_triple_pond,
          nzn_winding_woodlands_5x15_pockets], layout_cross,
          gauntlet_entry_generic
D:13:     layout_long_grid, nicolae_titane
D:14:     layout_rooms, erik_vaults_2, chequers_avenue
D:15:     gammafunk_depths_entry_grave, layout_basic,
          minmay_misc_feat_four_crosses
Lair:1:   layout_layer_cave
Lair:2:   layout_loops_ring, minmay_swamp_entry_worms
Lair:3:   layout_roguey, dummy_spider_entry
Lair:4:   regret_index_harrowing_hell_hive, layout_hall_layers,
          eino_small_chamber_without_monster
Lair:5:   grunt_lair_end_beastmaster, layout_cave_pods, slime_entry_1,
          serial_bayou_pond_d
Swamp:1:  layout_basic_swamp, evilmike_swamp_ruin_house_1
Swamp:2:  layout_basic_swamp, evilmike_swamp_ruin_rubble_2
Swamp:3:  layout_falls_marsh, ebering_ghost_reflecting_pool,
          evilmike_swamp_ruin_house_6, uniq_jorgrun
Swamp:4:  nzn_swamp_witches_coven, layout_basic_swamp,
          infiniplex_staircase_pool_2
Spider:1: layout_spider_delve, hellmonk_ghost_happy_afterlife
Spider:2: layout_chambers, nicolae_arachne_temple, uniq_arachne
Spider:3: layout_spider_delve, uniq_kirke
Spider:4: floodkiller_spider_rune_tomb
Orc:1:    layout_caves, serial_shops, shop_fountains, nicolae_diamond_shop
Orc:2:    st_orc_mages, layout_diamond_mine, ebering_ghost_inner_flame,
          serial_shops, nicolae_shop_competitors_out_of_business, library_closet
Elf:1:    minmay_the_grid_square_5x5_4x4
          [minmay_the_grid_square_5x5_hollow_slash,
          minmay_the_grid_square_5x5_two_walls_b,
          minmay_the_grid_square_5x5_checkered_statues,
          minmay_the_grid_square_5x5_hourglass,
          minmay_the_grid_square_5x5_three_walls,
          minmay_the_grid_square_5x5_prize_deathbox,
          minmay_the_grid_square_5x5_prize_itemx,
          minmay_the_grid_square_5x5_shrine2,
          minmay_the_grid_square_5x5_shrine1,
          minmay_the_grid_square_5x5_prize_monsterx,
          minmay_the_grid_square_5x5_prize_rear_guard,
          minmay_the_grid_square_5x5_beaten_path,
          minmay_the_grid_square_5x5_inner_v, minmay_the_grid_square_5x5_bridge,
          minmay_the_grid_square_5x5_c, minmay_the_grid_square_5x5_pentomino_r],
          layout_loops_ring, hangedman_elf_disciples

Skill      XL: |  1  2  3  4  5  6  7  8  9 10 11 12 13 14 15 16 17 18 19 |
---------------+----------------------------------------------------------+-----
Spellcasting   | 2 4 5 6 8 9 11 | 11.1
Ice Magic      | 5 6 7 8 9 10 | 10.0
Summonings     | 2 5 6 |  6.2
Fighting       | 2 4 6 8 10 11 12 | 12.0
Evocations     | 4 6 8 10 | 10.0
Dodging        | 2 6 |  6.0
Armour         | 4 6 9 10 11 | 11.0
Long Blades    | 5 6 |  6.0
Invocations    | 5 10 12 | 12.0
Poison Magic   | 4 7 9 10 | 10.0
Transmutations | 2 7 8 10 | 10.0
Fire Magic     | 2 |  2.0
Air Magic      | 1 4 |  4.0
Conjurations   | 1 4 8 11 12 | 12.0
Stealth        | |  2.1

Action                     |  1- 3 |  4- 6 |  7- 9 | 10-12 | 13-15 | 16-18 | 19-21 || total
---------------------------+-------+-------+-------+-------+-------+-------+-------++-------
  Melee: Unarmed           |    13 |       |       |       |       |       |       ||    13
         Dagger            |    28 |    35 |   222 |    73 |       |       |       ||   358
         Demon blade       |       |       |    21 |   264 |   492 |       |       ||   777
         Punch             |       |       |     4 |     7 |     5 |     5 |       ||    21
         Double sword      |       |       |       |       |    19 |   338 |   112 ||   469
  Throw: Dart              |       |       |       |     1 |       |       |       ||     1
   Cast: Freeze            |    48 |    25 |    60 |   111 |    82 |     5 |       ||   331
         Frozen Ramparts   |     2 |    16 |    34 |    50 |    20 |       |       ||   122
         Summon Ice Beast  |       |     1 |    25 |    64 |    63 |    13 |       ||   166
         Ozocubu's Armour  |       |       |     8 |     9 |     3 |       |       ||    20
         Olgreb's Toxic Ra |       |       |       |    28 |   204 |   205 |    56 ||   493
         Ignite Poison     |       |       |       |     4 |    65 |   100 |    16 ||   185
         Freezing Cloud    |       |       |       |       |    13 |    24 |       ||    37
         Maxwell's Capacit |       |       |       |       |     1 |       |       ||     1
         Irradiate         |       |       |       |       |       |   109 |    18 ||   127
         Eringya's Noxious |       |       |       |       |       |    32 |     5 ||    37
 Invoke: Divine Exegesis   |       |       |       |       |     1 |       |       ||     1
         Channel Magic     |       |       |       |       |       |     6 |     1 ||     7
  Evoke: Wand              |       |       |     6 |    12 |     3 |    24 |       ||    45
         Phial of floods   |       |       |       |     2 |     1 |     2 |       ||     5
    Use: Potion            |       |     2 |     3 |     1 |       |     8 |     2 ||    16
         Scroll            |       |       |     2 |    12 |    14 |    12 |     6 ||    46
   Stab: Sleeping          |     1 |     1 |     1 |     2 |     1 |       |       ||     6
         Distracted        |       |       |     1 |       |     4 |     2 |       ||     7
         Paralysed         |       |       |     4 |       |       |       |       ||     4
 Armour: Robe              |    29 |    45 |   192 |       |       |       |       ||   266
         Crystal plate arm |       |       |    40 |       |       |       |       ||    40
         Steam dragon scal |       |       |     2 |   399 |   608 |       |       ||  1009
         Leather armour    |       |       |       |       |     1 |  1012 |   319 ||  1332
  Dodge: Dodged            |    40 |    38 |   177 |   322 |   493 |   508 |   176 ||  1754
  Block: Other             |     1 |    18 |    78 |   112 |   107 |       |       ||   316
         Reflection        |       |     2 |    10 |     7 |     2 |       |       ||    21

Table legend: (Time is in decaauts)
 A = Elapsed time spent in this place.
 B = Non-inter-level travel time spent in this place.
 C = Inter-level travel time spent in this place.
 D = Time resting spent in this place.
 E = Time spent auto-exploring this place.
 F = Levels seen in this place.
 G = Mean time per level.
                   A        B        C        D        E       F      G
               +--------+--------+--------+--------+--------+-----+--------+
         Total |  50407 |  48466 |   1941 |  21838 |  15740 |  33 | 1527.5 |
       Dungeon |  19998 |  19048 |    950 |   6894 |   7755 |  15 | 1333.2 |
          Lair |  10977 |  10386 |    591 |   5264 |   3150 |   5 | 2195.4 |
         Swamp |   6701 |   6550 |    151 |   3550 |   1613 |   4 | 1675.2 |
   Spider Nest |   5845 |   5757 |     88 |   2811 |   1649 |   4 | 1461.2 |
  Orcish Mines |   3173 |   3055 |    118 |   1867 |    665 |   2 | 1586.5 |
   Elven Halls |   2097 |   2057 |     40 |    902 |    559 |   1 | 2097.0 |
        Bailey |    942 |    942 |      0 |    185 |    183 |   1 |  942.0 |
      Gauntlet |    672 |    672 |      0 |    365 |    166 |   1 |  672.0 |
               +--------+--------+--------+--------+--------+-----+--------+

Top non-repeatable levels by time:
   Orc:2: 3000 daAuts
  Lair:2: 2883 daAuts
    D:15: 2411 daAuts
 Swamp:4: 2389 daAuts
  Lair:5: 2355 daAuts
Spider:2: 2249 daAuts
   Elf:1: 2097 daAuts
  Lair:4: 2048 daAuts
  Lair:1: 1944 daAuts
     D:1: 1931 daAuts
 Swamp:2: 1803 daAuts
  Lair:3: 1744 daAuts
     D:7: 1636 daAuts
 Swamp:3: 1485 daAuts
    D:11: 1463 daAuts
